 Dungeon Crawl Stone Soup version 0.26-a0-30-g56b8cd3df0 (webtiles) character file.

Game seed: 12529803559141147132, levelgen mode: deterministic

99 Irenicus the Cutter (level 5, 0/32 HPs)
             Began as a Kobold Berserker on May 30, 2020.
             Was a Priest of Trog.
             Slain by an iguana (10 damage)
             ... on level 3 of the Dungeon.
             The game lasted 00:09:52 (1062 turns).

Irenicus the Cutter (Kobold Berserker)              Turns: 1062, Time: 00:09:53

Health: 0/32       AC:  2    Str: 14    XL:     5   Next: 2%
Magic:  5/5        EV: 15    Int:  9    God:    Trog [***...]
Gold:   98         SH:  0    Dex: 15    Spells: 4/4 levels left

rFire    . . .     SeeInvis .   a - +0 short sword
rCold    . . .     Gourm    .   (shield restricted)
rNeg     . . .     Faith    .   b - +0 animal skin
rPois    .         Spirit   .   (no helmet)
rElec    .         Reflect  .   (no cloak)
rCorr    .         Harm     .   (no gloves)
MR       .....                  (no boots)
Stlth    ++........             (no amulet)
HPRegen  0.10/turn              (no ring)
MPRegen  0.09/turn              (no ring)

@: berserk cooldown
A: small, carnivore
a: Berserk, Trog's Hand, Renounce Religion


You were on level 3 of the Dungeon.
You worshipped Trog.
Trog was most pleased with you.
You were very full.

You visited 1 branch of the dungeon, and saw 3 of its levels.

You collected 98 gold pieces.

Inventory:

Hand Weapons
 a - a +0 short sword (weapon)
Armour
 b - a +0 animal skin (worn)
Scrolls
 d - a scroll of enchant weapon {unknown}
 e - 2 scrolls of identify {unknown}
 f - 2 scrolls of teleportation {unknown}
 h - a scroll of enchant armour {unknown}
 l - a scroll of remove curse {unknown}
Potions
 g - a potion of degeneration {unknown}
 i - a potion of brilliance {unknown}
 j - a potion of cancellation {unknown}
Comestibles
 c - 5 rations
 k - 2 chunks of flesh {@w0}


   Skills:
 - Level 3.4 Fighting
 + Level 5.9 Short Blades
 - Level 1.7 Armour
 - Level 2.6 Dodging
 - Level 3.0 Stealth


You had 4 spell levels left.
You didn't know any spells.
Your spell library was empty.

Dungeon Overview and Level Annotations

Branches:
Dungeon (3/15)

Altars:
Fedhas

Annotations:
D:3 exclusion: oklob plant


Innate Abilities, Weirdness & Mutations

You are small and have problems with some larger weapons.
You are carnivorous and can eat meat at any time.


Message History

You hit the orc. The orc hits you with a +0 hand axe.
You take 2 damage, and have 35/42 hp.
You closely miss the orc. The orc hits you with a +0 short sword.
The orc barely misses you.
You take 4 damage, and have 31/42 hp.
You hit the orc.
You kill the orc!
Trog accepts your kill.
You hit the orc but do no damage. The orc barely misses you.
You closely miss the orc. You hit the orc. The orc hits you with a +0 hand axe.
You take 3 damage, and have 28/42 hp.
You puncture the orc!
You kill the orc!
Trog accepts your kill.
The orc shouts!
You hear a shout!
Things that are here:
a +0 hand axe; a +0 scale mail; an orc corpse You puncture the orc!
You kill the orc!
Trog accepts your kill.
You feel a strong urge to attack something.
You completely miss the orc wizard.
The orc wizard hits you but does no damage.
You barely miss the orc wizard.
You are no longer berserk.
You are exhausted.
You feel yourself slow down.
You now have 19/28 hp.
You barely miss the orc wizard. The orc wizard barely misses you.
The orc wizard hits you but does no damage.
You hit the orc wizard.
The orc wizard hits you with a +0 dagger.
You take 1 damage, and have 18/28 hp.
You barely miss the orc wizard.
The orc wizard gestures at you while chanting.
The puff of flame misses you.
You miss the orc wizard.
The orc wizard hits you but does no damage.
You hit the orc wizard. The orc wizard completely misses you.
The orc wizard hits you with a +0 dagger.
You take 1 damage, and have 18/28 hp.
You closely miss the orc wizard. The orc wizard barely misses you.
You hit the orc wizard but do no damage.
The orc wizard hits you with a +0 dagger!
You take 7 damage, and have 11/28 hp.
MASSIVE DAMAGE!!
You hit the orc wizard.
The orc wizard hits you with a +0 dagger.
You take 1 damage, and have 10/28 hp.
You hit the orc wizard but do no damage.
The orc wizard barely misses you. The orc wizard misses you.
You barely miss the orc wizard. The orc wizard barely misses you.
You hit the orc wizard.
The orc wizard hits you with a +0 dagger.
* * * LOW HITPOINT WARNING * * *
You take 4 damage, and have 6/28 hp.
You hit the orc wizard.
The orc wizard hits you but does no damage.
Your skin crawls.
You feel resistant to hostile enchantments.
You feel somewhat less full.
The orc wizard hits you with a +0 dagger.
* * * LOW HITPOINT WARNING * * *
The orc wizard hits you with a +0 dagger.
* * * LOW HITPOINT WARNING * * *
You take 1 damage, and have 5/28 hp.
You hit the orc wizard but do no damage.
The orc wizard hits you but does no damage.
You hit the orc wizard.
You kill the orc wizard!
Trog accepts your kill.
Trog appreciates your killing of a magic user.
You have reached level 5!
You feel clever.
You regained 3 hp, and now have 9/32 hp.
MP restored: 5
Things that are here:
a +0 dagger; a +0 robe; an orc corpse You regained 2 hp, and now have 12/32 hp.
You regained 2 hp, and now have 14/32 hp.
You regained 2 hp, and now have 17/32 hp.
You feel the effects of Trog's Hand fading.
You see here 18 stones.
You regained 2 hp, and now have 19/32 hp.
You regained 2 hp, and now have 22/32 hp.
Your skin stops crawling.
You feel less resistant to hostile enchantments.
An iguana comes into view.
The iguana hisses angrily.
The iguana closely misses you.
You closely miss the iguana. The iguana closely misses you.
You hit the iguana but do no damage. The iguana closely misses you.
The iguana bites you.
You take 3 damage, and have 20/32 hp.
You hit the iguana. The iguana bites you!
You take 10 damage, and have 10/32 hp.
MASSIVE DAMAGE!!
You hit the iguana but do no damage.
You feel yourself speed up. The iguana bites you!
You die...

.# . ##.
... #.#
#.# #l#
#@# #.#
#.# #.#
##.#####.#
.........#
.#####..#


P#P #.## ... #.# ≈≈≈ You could see an iguana.

Vanquished Creatures
  An orc wizard (D:3)
  An adder (D:2)
  2 dart slugs
  3 leopard geckos (D:1)
  3 orcs (D:3)
  A ball python (D:1)
  5 giant cockroaches
  2 goblins
  11 hobgoblins
  3 jackals (D:2)
  A quokka (D:2)
  5 bats
  3 frilled lizards
  6 kobolds (D:1)
  5 rats
52 creatures vanquished.

Notes
Turn   | Place    | Note
-------+----------+-------------------------------------------
     0 | D:1      | Irenicus the Kobold Berserker began the quest for the Orb.
     0 | D:1      | Reached XP level 1. HP: 14/14 MP: 1/1
    47 | D:1      | Reached XP level 2. HP: 14/19 MP: 2/2
   298 | D:1      | Reached skill level 1 in Stealth
   348 | D:1      | HP: 7/28 [kobold/stone (1)]
   353 | D:1      | HP: 6/28 [kobold (1)]
   358 | D:1      | Reached XP level 3. HP: 6/23 MP: 3/3
   402 | D:1      | meem: I'm meem, an infobot run by MalcolmRoseGaming: Type
                  | !submeem to keep me in your games; !nomeem to shut me up
                  | forever; !meem for help; !whymeem if you want to know why
                  | meem exists. Visit http://youtube.com/malcolmrosegaming for
                  | more DCSS content.
   405 | D:1      | Irenicus: !whymeem
   405 | D:1      | meem: This bot is a fork of beem. It exists because the
                  | former developer insisted upon banning many individuals
                  | over issues unrelated to DCSS. Infobot services should not
                  | be limited to only those well-liked by the maintainers,
                  | therefore you have my word that meem shall always remain
                  | free from such prejudices. - Malcolm
   407 | D:1      | HP: 5/23 [leopard gecko (4)]
   414 | D:1      | Reached ** piety under Trog
   468 | D:1      | HP: 3/23 [hobgoblin/+0 club (4)]
   645 | D:1      | Reached skill level 2 in Stealth
   708 | D:2      | Reached skill level 5 in Short Blades
   715 | D:2      | Reached XP level 4. HP: 17/28 MP: 4/4
   731 | D:2      | HP: 7/28 [bat (1)]
   737 | D:2      | HP: 6/28 [poisoned by an adder]
   764 | D:2      | HP: 6/28 [frilled lizard (1)]
   804 | D:2      | Reached skill level 3 in Stealth
   920 | D:3      | Found a blossoming altar of Fedhas.
   930 | D:3      | Noticed an oklob plant
  1018 | D:3      | Reached *** piety under Trog
  1039 | D:3      | HP: 6/28 [orc wizard/+0 dagger (4)]
  1043 | D:3      | Reached XP level 5. HP: 7/32 MP: 5/5
  1062 | D:3      | Slain by an iguana

Illustrated notes

Levels and vault maps discovered:
D:1:      minmay_arrival_glassed_features, layout_loops_ring, st_stairs_4,
          hex_medium
D:2:      kennysheep_the_goblin_king, layout_loops_cross, first_ration,
          kennysheep_flooded_box, chequers_serial_rivers_small_a,
          uniq_crazy_yiuf_cottage
D:3:      layout_loops_cross, roderic_lattice_a, tgw_fedhas

Skill      XL: |  1  2  3  4 |
---------------+-------------+-----
Stealth        | 1 2 3 |  3.0
Short Blades   | 5 |  5.9
Fighting       | |  3.4
Armour         | |  1.7
Dodging        | |  2.6

Action                   |  1- 3 |  4- 6 || total
-------------------------+-------+-------++-------
Melee: Short sword       |   110 |    73 ||   183
Invok: Berserk           |     3 |     1 ||     4
       Trog's Hand       |       |     1 ||     1
 Stab: Sleeping          |     3 |       ||     3
       Distracted        |       |     1 ||     1
  Eat: Chunk             |     9 |     3 ||    12
Armor: Animal skin       |    13 |    11 ||    24
Dodge: Dodged            |    66 |    51 ||   117

Table legend:
 A = Non-vault XP
 B = Vault XP
 C = Vault XP percentage of total XP
 D = Non-vault monster count
 E = Vault monster count
 F = Vault count percentage of total count
                 A         B        C        D         E       F
            +---------+---------+-------+---------+---------+-------
      Total |     140 |       2 |   1.4 |      50 |       2 |   3.8
            +---------+---------+-------+---------+---------+-------
        D:1 |      45 |       2 |   4.3 |      24 |       2 |   7.7
        D:2 |      47 |       0 |   0.0 |      20 |       0 |   0.0
        D:3 |      48 |       0 |   0.0 |       6 |       0 |   0.0
            +---------+---------+-------+---------+---------+-------

Levels and vault maps discovered:
D:1:      minmay_arrival_glassed_features, layout_loops_ring, st_stairs_4,
          hex_medium
D:2:      kennysheep_the_goblin_king, layout_loops_cross, first_ration,
          kennysheep_flooded_box, chequers_serial_rivers_small_a,
          uniq_crazy_yiuf_cottage
D:3:      layout_loops_cross, roderic_lattice_a, tgw_fedhas

Table legend:
 A = Turns spent in this place as a percentage of turns spent in the entire game.
 B = Non-inter-level travel turns spent in this place as a percentage of non-inter-level travel turns spent in the entire game.
 C = Inter-level travel turns spent in this place as a percentage of turns spent in this place.
 D = Turns resting spent in this place as a percentage of non-inter-level travel turns spent in this place.
 E = Turns spent auto-exploring this place as a percentage of non-inter-level travel turns spent in this place.
 F = Non-inter-level travel turns spent in this place divided by the number of levels of this place that you've seen.
                   A       B       C       D       E      F
               +-------+-------+-------+-------+-------+----------------------
         Total | 100.0 | 100.0 |   4.0 |  10.9 |   0.0 | 339.7
       Dungeon | 100.0 | 100.0 |   4.0 |  10.9 |   0.0 | 339.7
               +-------+-------+-------+-------+-------+----------------------

Table legend:
 A = Kills in this place as a percentage of kills in entire the game.
 B = Kills by you in this place as a percentage of kills by you in the entire game.
 C = Kills by friends in this place as a percentage of kills by friends in the entire game.
 D = Other kills in this place as a percentage of other kills in the entire game.
 E = Experience gained in this place as a percentage of experience gained in the entire game.
 F = Experience gained in this place divided by the number of levels of this place that you have seen.
                   A       B       C       D       E      F
               +-------+-------+-------+-------+-------+----------------------
         Total | 100.0 | 100.0 |   N/A |   N/A | 100.0 |  47.3
       Dungeon | 100.0 | 100.0 |   N/A |   N/A | 100.0 |  47.3
               +-------+-------+-------+-------+-------+----------------------
